 Dungeon Crawl Stone Soup version 0.23-a0-182-g58cdd98 (webtiles) character file.

190 Felrender the Chopper (level 5, -1/69 HPs)
             Began as a Draconian Berserker on Sept 20, 2018.
             Was a Priest of Trog.
             Slain by a gnoll
             ... wielding a +0 halberd
              (10 damage)
             ... on level 4 of the Dungeon.
             The game lasted 00:09:27 (3163 turns).

Felrender the Chopper (Draconian Berserker)         Turns: 3163, Time: 00:09:28

Health: -1/69      AC:  6    Str: 25    XL:     5   Next: 41%
Magic:  1/1        EV: 12    Int:  8    God:    Trog [***...]
Gold:   245        SH:  3    Dex: 10    Spells: 4/4 levels left

rFire    . . .     SeeInvis .   n - +1 spear (antimagic)
rCold    . . .     Gourm    .   d - +0 buckler
rNeg     . . .     Faith    +   (armour unavailable)
rPois    .         Spirit   .   (helmet restricted)
rElec    .         Reflect  .   p - +0 cloak
rCorr    .         Harm     .   (no gloves)
MR       .....                  (no boots)
Stlth    ..........             f - amulet of faith
HPRegen  0.21/turn              (no ring)
MPRegen  0.07/turn              (no ring)

@: berserking, very quick
A: unfitting armour, cold-blooded, AC +5
a: Berserk, Trog's Hand, Renounce Religion


You were on level 4 of the Dungeon.
You worshipped Trog.
Trog was most pleased with you.
You were hungry.

You visited 1 branch of the dungeon, and saw 4 of its levels.

You collected 245 gold pieces.

Inventory:

Hand Weapons
 a - a +1 hand axe
 i - a +0 hunting sling of flaming
 n - a +1 antimagic spear (weapon)
Armour
 d - a +0 buckler (worn)
 m - a scarf of resistance
 p - a +0 cloak (worn)
Jewellery
 f - an amulet of faith (around neck)
 j - an uncursed ring of magical power
 q - an uncursed ring of positive energy {unknown}
Scrolls
 c - 5 scrolls of teleportation
Potions
 e - a potion of agility {unknown}
 g - 2 potions of berserk rage {unknown}
 h - a potion of curing {unknown}
 k - a potion of heal wounds {unknown}
 l - 2 potions of might {unknown}
 o - a potion of haste {unknown}
Comestibles
 b - 4 rations
 r - a chunk of flesh


   Skills:
 + Level 4.2 Fighting
 + Level 4.6(4.7) Axes
 + Level 0.2(2.8) Polearms
 + Level 3.6 Dodging
 + Level 0.9 Stealth


You had 4 spell levels left.
You didn't know any spells.
Your spell library was empty.

Dungeon Overview and Level Annotations

Branches:
Dungeon (4/15)
 Temple: D:4-7

Altars:


Innate Abilities, Weirdness & Mutations

Your plain brown scales are hard. (AC +5)
You cannot fit into any form of body armour.
You are cold-blooded and may be slowed by cold attacks.


Message History

The gnoll is almost dead.
The gnoll hits you but does no damage.
The gnoll hits you from afar with a spear.
The gnoll misses you.
You hit the gnoll.
The gnoll is almost dead.
The gnoll hits you with a club.
* * * LOW HITPOINT WARNING * * *
The gnoll misses you.
A red film seems to cover your vision as you go berserk!
You feel yourself moving faster!
You feel mighty!
You are feeling hungry.
The gnoll barely misses you.
The gnoll hits you from afar with a spear.
* * * LOW HITPOINT WARNING * * *
You hit the gnoll.
You kill the gnoll!
Trog accepts your kill.
The gnoll hits you from afar with a halberd!
You die...

# ##### #.... ##+# ## ##
#>### #...# #.## #.# #.#
# .....# #.###.# #.###
......# ##..#.# #.#..
......g####.....#####.#.#
......g)@................
..>...g####....####.#.#.#
......# ##.#.## #.#....
.....# #....# #.###..
#...# #..#.# #.# #. ##+#
#....# #.# . #.##.# #.# .
#.# .# #.# . #.. .


You could see 3 gnolls.

Vanquished Creatures
  A hound (D:4)
  Crazy Yiuf (D:3)
  A worker ant (D:2)
  A gnoll (D:4)
  3 adders (D:2)
  An ooze (D:3)
  2 dart slugs
  2 leopard geckos (D:1)
  7 bats
  11 giant cockroaches
  11 goblins
  3 hobgoblins
  3 quokkas (D:2)
  2 frilled lizards (D:2)
  6 kobolds
  6 rats
61 creatures vanquished.

Notes
Turn   | Place    | Note
-------+----------+-------------------------------------------
     0 | D:1      | Felrender the Draconian Berserker began the quest for the
                  | Orb.
     0 | D:1      | Reached XP level 1. HP: 19/19 MP: 1/1
   295 | D:1      | Reached XP level 2. HP: 26/26 MP: 2/2
  1052 | D:2      | Reached XP level 3. HP: 23/31 MP: 3/3
  1072 | D:2      | Reached ** piety under Trog
  1274 | D:2      | Reached XP level 4. HP: 37/40 MP: 4/4
  2391 | D:3      | Reached *** piety under Trog
  2884 | D:3      | Found a runed door.
  2888 | D:3      | Noticed Crazy Yiuf
  2899 | D:3      | Killed Crazy Yiuf
  2899 | D:3      | Reached XP level 5. HP: 32/46 MP: 1/5
  3163 | D:4      | Slain by a gnoll

Vault maps used:
D:1:      elethiomel_arrival_quiet
D:2:      minmay_roachtagon
D:3:      uniq_crazy_yiuf_cottage
D:4:      lemuel_coloured_pillars_altar,
          chequers_temple_overflow_statue_of_worship, minmay_temple_entry_mist,
          first_ration, ebering_ghost_inner_flame, serial_shops,
          nicolae_shop_statue_plus, uniq_ijyb

Skill      XL: |  1  2  3  4 |
---------------+-------------+-----
Dodging        | 3 |  3.6
Axes           | 4 |  4.6
Fighting       | 4 |  4.2
Polearms       | |  0.2
Stealth        | |  0.9

Action                   |  1- 3 |  4- 6 || total
-------------------------+-------+-------++-------
Melee: Hand axe          |    81 |    60 ||   141
       Tailslap          |    10 |     9 ||    19
       Spear             |       |    51 ||    51
Invok: Berserk           |     1 |     1 ||     2
  Use: Scroll            |     3 |     4 ||     7
 Stab: Invisible         |       |     1 ||     1
  Eat: Chunk             |     2 |     3 ||     5
       Ration            |       |     1 ||     1
Armor: Skin              |    26 |    31 ||    57
Dodge: Dodged            |    55 |    93 ||   148
Block: Buckler           |       |     9 ||     9

Table legend:
 A = Non-vault XP
 B = Vault XP
 C = Vault XP percentage of total XP
 D = Non-vault monster count
 E = Vault monster count
 F = Vault count percentage of total count
                 A         B        C        D         E       F
            +---------+---------+-------+---------+---------+-------
      Total |     217 |      55 |  20.2 |      51 |      10 |  16.4
            +---------+---------+-------+---------+---------+-------
        D:1 |      36 |       0 |   0.0 |      18 |       0 |   0.0
        D:2 |     102 |      18 |  15.0 |      22 |       9 |  29.0
        D:3 |      21 |      37 |  63.8 |       9 |       1 |  10.0
        D:4 |      58 |       0 |   0.0 |       2 |       0 |   0.0
            +---------+---------+-------+---------+---------+-------
